 Dungeon Crawl Stone Soup version 0.22-a0-247-gbddf880 (webtiles) character file.

843 Firecrotchwizard the Sneak (level 8, -1/42 HPs)
             Began as a Vine Stalker Assassin on Feb 24, 2018.
             Slain by an ogre
             ... wielding a +0 giant club
              (22 damage)
             ... on level 5 of the Dungeon.
             The game lasted 00:13:02 (4460 turns).

Firecrotchwizard the Sneak (Vine Stalker Assassin)  Turns: 4460, Time: 00:13:03

Health: -1/42      AC:  9    Str: 14    XL:     8   Next: 0%
Magic:  0/9        EV: 10    Int: 11    God:
Gold:   195        SH:  0    Dex: 18    Spells: 5/7 levels left

rFire    . . .     SeeInvis .   a - +3 dagger
rCold    + . .     Gourm    .   (no shield)
rNeg     . . .     Faith    .   k - +0 ring mail
rPois    .         Spirit   +   s - +0 helmet
rElec    .         Reflect  .   d - +0 cloak
rCorr    .         Harm     .   r - +0 pair of gloves
MR       +....     Rnd*Tele +   o - +0 pair of boots
Stlth    +++.......             (no amulet)
HPRegen  0.54/turn              m - ring of protection from cold {rC+, !d}
MPRegen  0.11/turn              x - ring of teleportation (curse) {+/*tele, !d}

@: no status effects
A: fangs 3, regeneration 1, magic shield, antimagic bite, no potion heal 3, rot
immunity
a: no special abilities


You were on level 5 of the Dungeon.
You were not hungry.

You visited 1 branch of the dungeon, and saw 5 of its levels.

You collected 195 gold pieces.

Inventory:

Hand Weapons
 a - a +3 dagger (weapon)
 b - a +0 blowgun
 l - a +4 hand axe
   (You found it on level 1 of the Dungeon)
Missiles
 e - 25 poisoned needles
 f - 2 curare-tipped needles
Armour
 c - a +0 robe
 d - a +0 cloak (worn)
 k - a +0 ring mail (worn)
   (You found it on level 1 of the Dungeon)
 o - a +0 pair of boots (worn)
   (You found it on level 2 of the Dungeon)
 r - a +0 pair of gloves (worn)
   (You found it on level 2 of the Dungeon)
 s - a +0 helmet (worn)
   (You found it on level 2 of the Dungeon)
Jewellery
 m - a ring of protection from cold (left hand) {rC+, !d}
   (You found it on level 1 of the Dungeon)
 x - a cursed ring of teleportation (right hand) {+/*tele, !d}
   (You found it on level 3 of the Dungeon)
Wands
 t - a wand of disintegration (2) {@e1}
   (You found it on level 3 of the Dungeon)
 u - a wand of paralysis (12)
   (You found it on level 5 of the Dungeon)
 w - a wand of random effects (37)
   (You took it off Natasha on level 3 of the Dungeon)
Scrolls
 h - 3 scrolls of fog
 j - 3 scrolls of teleportation
 p - 6 scrolls of identify
Potions
 i - a potion of curing
 n - 2 potions of haste
 q - a potion of magic {unknown}
 v - a potion of agility {unknown}
Comestibles
 g - 9 rations {@e1}
 z - 4 chunks of flesh {@w0}


   Skills:
 + Level 4.1 Fighting
 * Level 5.7 Short Blades
 - Level 1.7 Throwing
 - Level 0.7 Dodging
 + Level 7.3 Stealth
 - Level 2.0 Translocations


You had 5 spell levels left.
You knew the following spells:

 Your Spells              Type           Power        Failure   Level  Hunger
b - Blink                 Tloc           N/A          43%         2    ###....


Dungeon Overview and Level Annotations

Branches:
Dungeon (5/15)
 Temple: D:4-7

Altars:
Cheibriados
Fedhas
Uskayaw
Vehumet
Wu Jian

Annotations:
D:2 exclusion: 2 adders
D:3 exclusions: orc and orc wizard, Terence


Innate Abilities, Weirdness & Mutations

You have razor-sharp teeth.
Your natural rate of healing is unusually fast.
When hurt, damage is shared between your health and your magic reserves.
Your bite disrupts and absorbs the magic of your enemies.
Potions cannot restore your health.
You are immune to rotting.


Message History

Your bite misses the crimson imp. The leopard gecko barely misses you.
You barely miss the crimson imp. Your bite misses the crimson imp.
The crimson imp blinks!
You hit the leopard gecko but do no damage.
You bite the leopard gecko, but do no damage.
The leopard gecko bites you.
You now have 7/8 mp.
You hit the leopard gecko. Your bite misses the leopard gecko.
The leopard gecko misses you.
You barely miss the leopard gecko.
You kill the leopard gecko!
You hit the crimson imp. You bite the crimson imp.
The crimson imp's magic leaks into the air.
You drain its magic.
You feel invigorated. The crimson imp hits you.
You take 2 damage, and have 35/37 hp.
You hit the crimson imp but do no damage.
Your bite misses the crimson imp. The crimson imp hits you.
You take 4 damage, and have 31/37 hp.
You hit the crimson imp. Your bite misses the crimson imp.
You hit the crimson imp. You bite the crimson imp.
The crimson imp's magic leaks into the air.
You drain its magic.
You feel invigorated. The crimson imp hits you.
You take 1 damage, and have 31/37 hp.
MP restored: 8 You hit the crimson imp.
Your bite misses the crimson imp.
The crimson imp hits you but does no damage.
You barely miss the crimson imp.
You kill the crimson imp!
No target in view!
You may need something to eat soon, looking for food.
Can't find anything matching that.
Sorry, you're not good enough to have a special ability.
You butcher the leopard gecko corpse.
z - 2 chunks of flesh {@w0} You see here a leopard gecko skeleton. x2
Eating one of 2 chunks of flesh {@w0}.
You eat one of the 2 chunks of flesh {@w0}.
Found a stone staircase leading down.
You regained 2 hp, and now have 34/37 hp.
h - 3 scrolls of fog (gained 1)
You see here a potion of lignification {!q}.
A giant cockroach and a centaur come into view.
Found a blossoming altar of Fedhas.
You catch the helpless centaur completely off-guard!
You impale the centaur!!
You kill the centaur!
Your Fighting skill increases to level 4!
Things that are here:
a shortbow; 24 arrows; a centaur corpse Health restored: 37 You barely miss the giant cockroach.
You bite the giant cockroach. You drain its power.
The giant cockroach bites you but does no damage.
You hit the giant cockroach.
You kill the giant cockroach!
No target in view!
You butcher the giant cockroach corpse.
z - 3 chunks of flesh {@w0} (gained 2)
You butcher the centaur corpse.
z - 4 chunks of flesh {@w0} (gained 1)
Things that are here:
a shortbow; 24 arrows; a centaur skeleton
Things that are here:
a shortbow; 24 arrows; a centaur skeleton
n - 2 potions of haste (gained 1)
e - 25 poisoned needles (gained 17)
p - 6 scrolls of identify (gained 1)
A bullfrog skeleton comes into view.
The ogre shouts!
The bullfrog skeleton barely misses you.
You puncture the bullfrog skeleton! You bite the bullfrog skeleton.
You drain its power.
The bullfrog skeleton hits you but does no damage.
You hit the bullfrog skeleton.
The bullfrog skeleton closely misses you.
You hit the bullfrog skeleton. You bite the bullfrog skeleton.
You drain its power.
The bullfrog skeleton hits you but does no damage.
You hit the bullfrog skeleton.
The bullfrog skeleton barely misses you.
You hit the bullfrog skeleton.
You destroy the bullfrog skeleton!
You have reached level 8!
You feel stronger.
Your teeth grow very long and razor-sharp.
Health restored: 42; MP restored: 9
Aim: an ogre, wielding a giant club (chance to defeat MR: 46%)
The ogre resists with some effort.
You hit the ogre. You bite the ogre, but do no damage.
The ogre hits you with a giant club!
You take 6 damage, and have 36/42 hp.
You now have 7/9 mp.
You hit the ogre. Your bite misses the ogre. You hit the ogre.
The ogre hits you with a giant club!!
You take 16 damage, and have 20/42 hp.
MASSIVE DAMAGE!!
You now have 4/9 mp.
You are too injured to fight recklessly!
You barely miss the ogre. The ogre hits you with a giant club!!
Ouch! That really hurt!
You die...
PPPP

..##########
P_PP.#.#........#
P.P.P.#.#........########.
P.PPP.#.#........#........
.
.................#........
...
>..#.............(.........
...
..######).##.##.###..##+##
.## .............##.###..#
... .......!..#####.@O...#
..........# ####...# #
........รท.# ###.#.# # #.
..######.## #.....# #..##.#
. #.###########.# .......
+.........O...............
#.###########..####.......
#.# ##.# ....... #.# ..
.......


You could see an ogre.

Vanquished Creatures
  An ogre (D:4)
  A centaur (D:5)
  4 scorpions
  The ghost of Umoon the Slasher, a weakling TeMo (D:3)
  A bullfrog zombie (D:4)
  A crimson imp (D:5)
  A hound (D:4)
  A bullfrog skeleton (D:5)
  4 worker ants
  Natasha (thrice) (D:3)
  A worker ant zombie (D:5)
  6 adders
  An adder skeleton (D:4)
  A dart slug (D:1)
  3 worms
  4 leopard geckos
  6 orcs
  6 bats
  2 giant cockroaches
  3 goblins
  7 hobgoblins
  2 quokkas
  A ball python (D:1)
  12 frilled lizards
  9 kobolds
  6 rats
88 creatures vanquished.

Notes
Turn   | Place    | Note
-------+----------+-------------------------------------------
     0 | D:1      | Firecrotchwizard the Vine Stalker Assassin began the quest for the Orb.
     0 | D:1      | Reached XP level 1. HP: 11/11 MP: 2/2
    30 | D:1      | Reached skill level 2 in Short Blades
    92 | D:1      | Reached skill level 5 in Stealth
    92 | D:1      | Reached XP level 2. HP: 15/15 MP: 3/3
   102 | D:1      | Reached skill level 2 in Fighting
   974 | D:2      | Reached XP level 3. HP: 9/18 MP: 4/4
   987 | D:2      | HP: 6/27 [poisoned by an adder]
   995 | D:2      | HP: 4/27 [poisoned by an adder]
  1005 | D:2      | HP: 3/27 [poisoned by an adder]
  1011 | D:2      | HP: 2/27 [poisoned by an adder]
  1017 | D:2      | HP: 2/27 [poisoned by an adder]
  1453 | D:2      | Reached skill level 3 in Short Blades
  1453 | D:2      | Gained mutation: Your natural rate of healing is unusually fast. [Vine Stalker growth]
  1453 | D:2      | Reached XP level 4. HP: 23/23 MP: 5/5
  1816 | D:3      | Noticed Umoon's ghost (weakling TeMo)
  1858 | D:3      | HP: 1/23 [Umoon's ghost (6)]
  1889 | D:3      | Killed Umoon's ghost
  1981 | D:3      | Noticed Natasha
  2011 | D:3      | Killed Natasha
  2011 | D:3      | Reached XP level 5. HP: 16/27 MP: 3/6
  2106 | D:3      | Noticed Natasha
  2109 | D:3      | Noticed Terence
  2134 | D:3      | Killed Natasha
  2398 | D:3      | Reached skill level 3 in Fighting
  2398 | D:3      | Reached skill level 4 in Short Blades
  2398 | D:3      | Reached skill level 6 in Stealth
  2625 | D:3      | Noticed Natasha
  2646 | D:3      | Killed Natasha
  2646 | D:3      | Reached XP level 6. HP: 21/32 MP: 3/7
  2747 | D:3      | Learned a level 2 spell: Blink
  3566 | D:4      | Reached skill level 1 in Translocations
  3596 | D:4      | HP: 8/32 [scorpion (4)]
  3603 | D:4      | HP: 7/32 [bullfrog zombie (1)]
  3612 | D:4      | Reached XP level 7. HP: 10/36 MP: 5/8
  3614 | D:4      | HP: 9/36 [scorpion (2)]
  3691 | D:4      | Reached skill level 5 in Short Blades
  3860 | D:4      | Found a hide-covered altar of Uskayaw.
  3860 | D:4      | Found a radiant altar of Vehumet.
  3861 | D:4      | Found a snail-covered altar of Cheibriados.
  4012 | D:4      | Found an ornate altar of the Wu Jian Council.
  4169 | D:5      | Entered Level 5 of the Dungeon
  4217 | D:5      | Reached skill level 2 in Translocations
  4281 | D:5      | Reached skill level 7 in Stealth
  4410 | D:5      | Found a blossoming altar of Fedhas.
  4411 | D:5      | Reached skill level 4 in Fighting
  4455 | D:5      | Gained mutation: You have razor-sharp teeth. [Vine Stalker growth]
  4455 | D:5      | Reached XP level 8. HP: 42/42 MP: 9/9
  4460 | D:5      | Slain by an ogre

Vault maps used:
D:1:      dpeg_arrival_simpleton_c
D:2:      kennysheep_generic_room_7
D:3:      first_ration, due_unseen_surprise, uniq_terence, uniq_natasha
D:4:      nicolae_overflow_hidden_temple, lemuel_statue_altar
D:5:      minmay_misc_feat_encased, fedhas_bush_and_centaur_altar

Skill      XL: |  1  2  3  4  5  6  7 |
---------------+----------------------+-----
Short Blades   | 2 3 4 5 |  5.7
Stealth        | 5 6 7 |  7.3
Fighting       | 2 3 4 |  4.1
Translocations | 1 2 |  2.0
Throwing       | |  1.7
Dodging        | |  0.7

Action                   |  1- 3 |  4- 6 |  7- 9 || total
-------------------------+-------+-------+-------++-------
Melee: Dagger            |    63 |   215 |    90 ||   368
       Bite              |     7 |    59 |    31 ||    97
 Fire: Blowgun           |     3 |     2 |       ||     5
Evoke: Wand              |       |     4 |     4 ||     8
  Use: Potion            |     3 |     2 |       ||     5
       Scroll            |       |     6 |       ||     6
 Stab: Sleeping          |    11 |     8 |     3 ||    22
       Paralysed         |       |     1 |       ||     1
       Distracted        |       |       |     1 ||     1
  Eat: Ration            |     1 |       |       ||     1
       Chunk             |       |     5 |     3 ||     8
Armor: Robe              |     8 |     6 |       ||    14
       Skin              |     2 |       |       ||     2
       Ring mail         |       |    62 |    27 ||    89
Dodge: Dodged            |    16 |    73 |    31 ||   120

Table legend:
 A = Spawn XP
 B = Non-spawn XP
 C = Spawn XP percentage of total XP
 D = Spawn monster count
 E = Non-spawn monster count
 F = Spawn count percentage of total count
 G = Total turns spent on level
                    A         B        C        D         E        F      G
               +---------+---------+-------+---------+---------+-------+---------
         Total |       0 |    1205 |   0.0 |       0 |      88 |   0.0 |  4460
               +---------+---------+-------+---------+---------+-------+---------
           D:1 |       0 |      29 |   0.0 |       0 |      17 |   0.0 |   865
           D:2 |       0 |      75 |   0.0 |       0 |      21 |   0.0 |   897
           D:3 |       0 |     250 |   0.0 |       0 |      27 |   0.0 |  1703
           D:4 |       0 |     492 |   0.0 |       0 |      13 |   0.0 |   748
           D:5 |       0 |     359 |   0.0 |       0 |      10 |   0.0 |   247
               +---------+---------+-------+---------+---------+-------+---------

Vault maps used:
D:1:      dpeg_arrival_simpleton_c
D:2:      kennysheep_generic_room_7
D:3:      first_ration, due_unseen_surprise, uniq_terence, uniq_natasha
D:4:      nicolae_overflow_hidden_temple, lemuel_statue_altar
D:5:      minmay_misc_feat_encased, fedhas_bush_and_centaur_altar

Table legend:
 A = Turns spent in this place as a percentage of turns spent in the entire game.
 B = Non-inter-level travel turns spent in this place as a percentage of non-inter-level travel turns spent in the entire game.
 C = Inter-level travel turns spent in this place as a percentage of turns spent in this place.
 D = Turns resting spent in this place as a percentage of non-inter-level travel turns spent in this place.
 E = Turns spent auto-exploring this place as a percentage of non-inter-level travel turns spent in this place.
 F = Non-inter-level travel turns spent in this place divided by the number of levels of this place that you've seen.
                   A       B       C       D       E      F
               +-------+-------+-------+-------+-------+----------------------
         Total | 100.0 | 100.0 |   5.3 |  21.9 |  55.5 | 844.4
       Dungeon | 100.0 | 100.0 |   5.3 |  21.9 |  55.5 | 844.4
               +-------+-------+-------+-------+-------+----------------------

Table legend:
 A = Kills in this place as a percentage of kills in entire the game.
 B = Kills by you in this place as a percentage of kills by you in the entire game.
 C = Kills by friends in this place as a percentage of kills by friends in the entire game.
 D = Other kills in this place as a percentage of other kills in the entire game.
 E = Experience gained in this place as a percentage of experience gained in the entire game.
 F = Experience gained in this place divided by the number of levels of this place that you have seen.
                   A       B       C       D       E      F
               +-------+-------+-------+-------+-------+----------------------
         Total | 100.0 | 100.0 |   N/A |   N/A | 100.0 | 241.0
       Dungeon | 100.0 | 100.0 |   N/A |   N/A | 100.0 | 241.0
               +-------+-------+-------+-------+-------+----------------------
